 Dungeon Crawl Stone Soup version 0.27.1-2-g3b301248ec (webtiles) character file.

Game seed: 8652557114150797171

41 worthlessgem the Slasher (level 3, 0/28 HPs)
             Began as a Djinni Warper on Sept 24, 2021.
             Slain by a gnoll (11 damage)
             ... on level 3 of the Dungeon.
             The game lasted 00:10:06 (1821 turns).

worthlessgem the Slasher (Djinni Warper)            Turns: 1821, Time: 00:10:06

Health: 0/28       AC:  3    Str: 10    XL:     3   Next: 75%
Gold:   26         EV: 11    Int: 15    God:
                   SH:  0    Dex: 12

rFire    + + .     SeeInvis .   a - +0 falchion
rCold    . . .     Faith    .   (no shield)
rNeg     . . .     Spirit   .   b - +0 leather armour
rPois    ∞         Reflect  .   (helmet currently unavailable)
rElec    .         Harm     .   (no cloak)
rCorr    .         Rampage  .   (no gloves)
Will     .....                  (boots unavailable)
Stlth    +.........             (no amulet)
HPRegen  0.09/turn              k - ring of protection from cold
MPRegen  0.00/turn              (no ring)

@: appendages, flying
A: horns 2, flying, sickness immunity, fire resistance 2, cold vulnerability 1,
float, innate caster, hp casting, extra vitality 1
a: End Transformation


You were on level 3 of the Dungeon.
You had temporarily grown beastly horns.
You visited 1 branch of the dungeon, and saw 3 of its levels.

You collected 26 gold pieces.

Inventory:

Hand Weapons
 a - a +0 falchion (weapon)
Missiles
 d - 5 boomerangs of dispersal
 e - 30 bolts
 h - 39 stones (quivered)
 q - 14 poisoned darts
Armour
 b - a +0 leather armour (worn)
 g - a +0 scale mail
 m - a +0 buckler
Jewellery
 k - a ring of protection from cold (left hand)
Wands
 p - a wand of mindburst (21)
Scrolls
 c - a scroll of blinking
 f - 2 scrolls of identify {unknown}
 i - a scroll of fear {unknown}
 l - a scroll of fog {unknown}
 n - a scroll of teleportation {unknown}
Potions
 j - a potion of resistance {unknown}
 o - a potion of lignification {unknown}


   Skills:
 * Level 2.0 Fighting
 + Level 3.4 Long Blades
 - Level 0.7 Throwing
 - Level 1.0 Armour
 - Level 2.1 Dodging
 - Level 2.4 Spellcasting


You couldn't memorise any spells.
You knew the following spells:

 Your Spells              Type           Power      Damage    Failure   Level
a - Blink                 Tloc           N/A        N/A       16%         2
b - Lesser Beckoning      Tloc           4%         N/A       32%         3
c - Gell's Gravitas       Tloc           4%         N/A       32%         3
d - Teleport Other        Tloc           9%         N/A       32%         3
e - Manifold Assault      Tloc           9%         N/A       96%         5
f - Beastly Appendage     Tmut           18%        N/A       11%         1
Your spell library was empty.

Dungeon Overview and Level Annotations

Branches:
Dungeon (2/15)

Altars:

Shops:
D:1 ?


Innate Abilities, Weirdness & Mutations

You have temporarily grown beastly horns.
You are flying.
You are immune to sickness and miasma.
You are immune to poison.
Your flesh is very heat resistant. (rF++)
You are vulnerable to cold. (rC-)
You float through the air rather than walking.
You learn spells naturally, not from books.
Your magical power is your life essence.
You have superior vitality. (+4 HP)


Message History

You start resting.
Your transformation is almost over.
You see here a +0 falchion.
You start resting.
Your horns disappear.
You start resting.
HP restored.
A kobold is nearby!
You throw a stone.
The stone hits the kobold but does no damage.
The kobold shouts!
Casting: Beastly Appendage (safe; 11% risk of failure)
Confirm with . or Enter, or press ? or * to list all spells.
You miscast Beastly Appendage.
You are very lightly contaminated with residual magic.
Nothing appears to happen.
You hit the kobold.
The kobold is moderately wounded.
The kobold barely misses you.
You riposte.
You hit the kobold.
You kill the kobold!
Things that are here:
a +0 short sword; a kobold corpse You start waiting.
Your magical contamination has completely faded away.
h - 39 stones (gained 1)
A gnoll comes into view. It is wielding a +0 flail.
The gnoll shouts!
You hear a shout!
You hear an angry hiss.
Things that are here:
a +0 short sword; a kobold corpse You see here a +0 falchion.
Casting: Beastly Appendage (safe; 11% risk of failure)
Confirm with . or Enter, or press ? or * to list all spells.
You grow a pair of large bovine horns.
You hit the gnoll.
The gnoll is lightly wounded.
The gnoll hits you with a +0 flail.
You hit the gnoll but do no damage.
The gnoll is lightly wounded.
The gnoll hits you with a +0 flail! x2
You die...

#... #... ########
... #..o...# ..
#.####.# #.
#.####.# ##### #.
#.#....####...## #.
#.#.#....).....###.
#.@....###.........
###g#### #.....####
#.# ##...## #.##
##### ##..# #...#
#.### #)# #g#


You could see a gnoll.

Vanquished Creatures
  A hound zombie (D:3)
  A dart slug (D:1)
  3 orcs (D:3)
  An endoplasm (D:1)
  2 giant cockroaches
  A goblin (D:1)
  2 hobgoblins (D:1)
  2 quokkas (D:1)
  3 bats
  4 kobolds
  A rat (D:1)
21 creatures vanquished.

Vanquished Creatures (others)
  A plant (D:1)
1 creature vanquished.

Grand Total: 22 creatures vanquished

Notes
Turn   | Place    | Note
-------+----------+-------------------------------------------
     0 | D:1      | worthlessgem the Djinni Warper began the quest for the Orb.
     0 | D:1      | Reached XP level 1. HP: 18/18 MP: 0/0
    11 | D:1      | Noticed a bullfrog
    91 | D:1      | Reached skill level 2 in Long Blades
   139 | D:1      | Found Huafath's Magic Scroll Shop.
   166 | D:1      | Found a faded altar of an unknown god.
   337 | D:1      | Reached XP level 2. HP: 21/23 MP: 0/0
  1174 | D:2      | You are sucked into a shaft and drop 1 floor!
  1251 | D:3      | Reached skill level 3 in Long Blades
  1251 | D:3      | Reached XP level 3. HP: 17/28 MP: 0/0
  1251 | D:3      | Learned a level 1 spell: Beastly Appendage
  1821 | D:3      | Slain by a gnoll

Illustrated notes

Levels and vault maps discovered:
D:1:      evilmike_arrival_come_back, layout_basic,
          chequers_ecumenical_altar_simple, serial_shops, shop, serial_forest,
          infiniplex_forest_clump_tiny, infiniplex_forest_clump_medium,
          infiniplex_forest_lined_1, infiniplex_forest_lined_3,
          infiniplex_forest_lined_3, infiniplex_forest_straight_1,
          infiniplex_forest_lined_corner, minmay_misc_feat_pillars,
          amcnicky_mini_corridor_feature, corner_web_ring
D:2:      layout_basic, basic_altar
D:3:      layout_loops_cross, lemuel_zombie_altar_yredelemnul,
          minmay_misc_feat_columns, roderic_three_in_a_row

Skill      XL: |  1  2 |
---------------+-------+-----
Long Blades    | 2 3 |  3.4
Fighting       | |  2.0
Throwing       | |  0.7
Armour         | |  1.0
Dodging        | |  2.1
Spellcasting   | |  2.4

Action                   || total
-------------------------++-------
Melee: Falchion          ||    85
       Headbutt          ||     3
Throw: Stone             ||     6
 Cast: Beastly Appendage ||     3
Armor: Leather armour    ||    30
Dodge: Dodged            ||    66
       Rpst.: Falchion   ||    21
